 Dungeon Crawl Stone Soup version 0.20-a0-210-gd6c29eb (webtiles) character file.

3782 Gorice the Fighter (level 10, -1/68 HPs)
             Began as a Kobold Arcane Marksman on Nov 26, 2016.
             Was a Priest of Okawaru.
             Killed by divine providence
             ... invoked by an orc priest
              (14 damage)
             ... on level 8 of the Dungeon.
             The game lasted 00:32:59 (8663 turns).

Gorice the Fighter (Kobold Arcane Marksman)         Turns: 8663, Time: 00:32:59

Health: -1/68      AC: 10    Str: 12    XL:     10   Next: 38%
Magic:  11/11      EV: 18    Int: 14    God:    Okawaru [***...]
Gold:   470        SH:  0    Dex: 15    Spells: 6/11 levels left

rFire  . . .     SeeInvis .     a - +2 short sword (venom)
rCold  + . .     Gourm    .     B - +0 ring mail {rC+}
rNeg   . . .     Faith    .     (shield restricted)
rPois  .         Spirit   .     K - +0 helmet
rElec  .         Reflect  .     o - +2 cloak
rCorr  .         Harm     +     F - +0 pair of gloves
MR     .....                    (no boots)
Stlth  +.........               A - amulet of harm
                                (no ring)
                                (no ring)

@: no status effects
A: carnivore 3
a: Heroism, Renounce Religion


You were on level 8 of the Dungeon.
You worshipped Okawaru.
Okawaru was most pleased with you.
You were hungry.

You visited 2 branches of the dungeon, and saw 9 of its levels.

You collected 470 gold pieces.

Inventory:

Hand Weapons
 a - a +2 short sword of venom (weapon)
   (You found it on level 1 of the Dungeon)
 b - a +1 hand crossbow
 w - a +0 falchion of holy wrath
   (You took it off Eustachio on level 5 of the Dungeon)
 z - a +2 dagger of venom
   (You found it on level 3 of the Dungeon)
 D - a +1 flail of holy wrath
   (You took it off Edmund on level 4 of the Dungeon)
Missiles
 d - 37 bolts
 i - 22 poisoned needles
 G - 12 tomahawks (quivered)
Armour
 o - a +2 cloak (worn)
 p - a +0 chain mail
 t - a +0 scale mail
 B - a +0 ring mail of cold resistance (worn)
   (You took it off an orc on level 3 of the Dungeon)
 F - a +0 pair of gloves (worn)
 I - a +2 robe of positive energy
   (You took it off Dowan on level 5 of the Dungeon)
 K - a +0 helmet (worn)
Jewellery
 A - an amulet of harm (around neck)
Wands
 e - a wand of flame (36/48)
 L - a wand of disintegration (11/24)
Scrolls
 j - a scroll of noise {!r}
 l - 4 scrolls of magic mapping {!r}
 v - a scroll of amnesia
 C - a scroll of remove curse
 E - 6 scrolls of recharging
Potions
 h - a potion of magic {!q}
 k - a potion of ambrosia
 m - a potion of resistance {!q}
 n - 3 potions of heal wounds {unknown}
 r - a potion of cure mutation {unknown}
 s - 3 potions of agility {unknown}
 x - 2 potions of invisibility {!q}
 H - a potion of haste {unknown}
Books
 c - a book of Debilitation
 y - a book of Minor Magic
 J - a book of Party Tricks
Comestibles
 f - 3 meat rations {!e}
 g - 7 slices of pizza
 q - 5 beef jerkies
 u - a royal jelly


   Skills:
 + Level 10.2 Fighting
 - Level 10.0 Crossbows
 + Level 9.0 Dodging
 - Level 1.1 Spellcasting
 - Level 3.0 Hexes


You had 6 spell levels left.
You knew the following spells:

 Your Spells              Type           Power        Failure   Level  Hunger
a - Corona                Hex            #......      21%         1    ##.....
A - Apportation           Tloc           #.........   69%         1    ##.....
B - Summon Butterflies    Summ           #.......     69%         1    ##.....
J - Blink                 Tloc           N/A          88%         2    ###....


Dungeon Overview and Level Annotations

Branches:
Dungeon (8/15)             Temple (1/1) D:7
   Lair: D:8-11

Altars:
Ashenzari
Cheibriados
Dithmenos
Fedhas
Gozag
Hepliaklqana
Kikubaaqudgha
Makhleb
Nemelex Xobeh
Okawaru
Qazlal
Ru
Sif Muna
Trog
Uskayaw
Xom
Yredelemnul
Zin
The Shining One


Innate Abilities, Weirdness & Mutations

You are small and have problems with some larger weapons.
You are carnivorous and can eat meat at any time.


Message History

An orc comes into view.
The orc misses you.
An orc priest comes into view. It is wielding a hand axe.
Things that are here:
a bolt; a flail; an orc corpse Your +2 short sword of venom begins to drip with poison!
a - a +2 short sword of venom (weapon)
The orc hits you with a hand axe!
Damage: 8 (max 8)
The orc priest invokes the aid of Beogh against you.
Beogh smites you! The orc completely misses you.
Damage: 18 (max 18)
You barely miss the orc.
An orc comes into view. It is wielding a club.
You completely miss the orc. The orc barely misses you. The orc misses you.
An orc comes into view. It is wielding a short sword.
The orc shouts!
You puncture the orc!
You kill the orc!
Okawaru accepts your kill.
You hear a shout!
You hit the orc but do no damage.
The orc is poisoned.
The orc misses you. x2
An orc wizard comes into view. It is wielding a dagger.
You hit the orc but do no damage. The orc closely misses you.
The orc misses you.
You hit the orc but do no damage.
The orc is moderately wounded.
The orc closely misses you. The orc hits you but does no damage.
The orc priest calls down the wrath of Beogh upon you.
Beogh smites you!
* * * LOW HITPOINT WARNING * * *
The orc wizard mumbles some strange words.
The orc wizard seems to speed up.
Damage: 15 (max 18)
You kill the orc!
Okawaru accepts your kill.
The orc wizard gestures wildly while chanting.
The orc priest calls down the wrath of Beogh upon you.
You struggle to resist.
The orc priest mumbles some strange prayers to Beogh against you.
Pain shoots through your body!
* * * LOW HITPOINT WARNING * * *
Damage: 6 (max 18)
The orc priest calls down the wrath of Beogh upon you.
Beogh smites you!
* * * LOW HITPOINT WARNING * * *
Damage: 12 (max 18)
The orc priest mumbles some strange prayers to Beogh against you.
Beogh smites you!
You die...

#.............. #..[.#
#.......##....# ##...##
#.......# #...# ##....#
#.....#.# #..####.o..##
##....##.# #......o..##
#.....##.# ##........#
.....###.# ##....#...#
.#....##.# ##...o###..#
##.#...#.###....@# ##..#
##.##....#......## #..#
#.......................
######...####..####
#..## #.### #..# ...
#..# ##..# #... # #..#
#### ## #..# .####...#


You could see an orc priest, an orc wizard and an orc.

Vanquished Creatures
  A hippogriff (D:7)
  Sigmund (D:5)
  The ghost of KristoblXynda the Caller, an amateur TeSu (D:5)
  A yak (D:8)
  Eustachio (D:5)
  A human (D:8)
  3 hogs (D:8)
  A hungry ghost (D:8)
  Edmund (D:4)
  Duvessa (D:5)
  An ice beast (D:5)
  A black bear (D:7)
  A sky beast (D:8)
  An ogre (D:7)
  A necrophage (D:6)
  2 phantoms
  2 centaurs (D:6)
  2 bullfrogs
  Dowan (D:5)
  2 scorpions (D:6)
  3 killer bees
  A howler monkey (D:6)
  3 crimson imps
  An orc priest (D:3)
  2 hounds
  2 jellies
  A bullfrog skeleton (D:6)
  4 iguanas
  4 worker ants
  An orc wizard (D:6)
  A killer bee zombie (D:6)
  A hound skeleton (D:5)
  A worker ant zombie (D:6)
  2 howler monkey skeletons
  15 adders
  2 shadow imps (D:7)
  An ooze (D:7)
  An adder zombie (D:7)
  2 adder skeletons
  3 worms
  6 dart slugs
  5 leopard geckos
  20 orcs
  2 ball pythons
  8 bats
  6 giant cockroaches
  8 goblins
  10 hobgoblins
  7 jackals
  3 quokkas
  4 frilled lizards
  7 kobolds
  9 rats
172 creatures vanquished.

Notes
Turn   | Place    | Note
-------+----------+-------------------------------------------
     0 | D:1      | Gorice the Kobold Arcane Marksman began the quest for the Orb.
     0 | D:1      | Reached XP level 1. HP: 12/12 MP: 2/2
   107 | D:1      | Reached XP level 2. HP: 16/16 MP: 3/3
   137 | D:1      | Reached skill level 3 in Crossbows
   320 | D:1      | HP: 4/16 [kobold/short sword (8)]
   635 | D:1      | Reached XP level 3. HP: 17/21 MP: 4/4
   979 | D:1      | Reached skill level 4 in Crossbows
  1428 | D:1      | Reached XP level 4. HP: 21/26 MP: 5/5
  1553 | D:2      | Reached skill level 2 in Fighting
  2188 | D:3      | Reached skill level 5 in Crossbows
  2339 | D:3      | Reached XP level 5. HP: 31/31 MP: 6/6
  2638 | D:3      | Reached skill level 3 in Fighting
  3197 | D:3      | Found a glowing golden altar of the Shining One.
  3263 | D:3      | Found a snail-covered altar of Cheibriados.
  3411 | D:4      | Reached XP level 6. HP: 28/37 MP: 7/7
  3517 | D:4      | Reached skill level 6 in Crossbows
  3579 | D:4      | Noticed Edmund
  3594 | D:4      | HP: 8/37 [Edmund/flail of holy wrath (12)]
  3602 | D:4      | Killed Edmund
  3602 | D:4      | Reached skill level 4 in Fighting
  3638 | D:4      | HP: 4/38 [iguana (10)]
  3641 | D:4      | Reached XP level 7. HP: 4/43 MP: 8/8
  3780 | D:4      | Reached skill level 7 in Crossbows
  4165 | D:4      | Found a blossoming altar of Fedhas.
  4168 | D:4      | Found an iron altar of Okawaru.
  4189 | D:4      | Became a worshipper of Warmaster Okawaru
  4309 | D:5      | Entered Level 5 of the Dungeon
  4398 | D:5      | Noticed KristoblXynda's ghost (amateur TeSu)
  4405 | D:5      | Noticed Duvessa
  4407 | D:5      | Killed KristoblXynda's ghost
  4419 | D:5      | Noticed Dowan
  4426 | D:5      | Killed Duvessa
  4426 | D:5      | Reached * piety under Okawaru
  4426 | D:5      | Reached skill level 5 in Fighting
  4426 | D:5      | Reached skill level 8 in Crossbows
  4432 | D:5      | Killed Dowan
  4432 | D:5      | Reached XP level 8. HP: 21/49 MP: 9/9
  4765 | D:5      | Noticed Sigmund
  4866 | D:5      | Reached skill level 9 in Crossbows
  4954 | D:5      | Killed Sigmund
  4954 | D:5      | Reached ** piety under Okawaru
  4954 | D:5      | Reached skill level 6 in Fighting
  5146 | D:5      | Noticed Eustachio
  5159 | D:5      | Killed Eustachio
  5159 | D:5      | Reached skill level 10 in Crossbows
  5399 | D:6      | Reached skill level 3 in Dodging
  5426 | D:6      | Reached XP level 9. HP: 56/56 MP: 10/10
  5444 | D:6      | Reached skill level 7 in Fighting
  5444 | D:6      | Reached skill level 4 in Dodging
  5941 | D:6      | Reached skill level 5 in Dodging
  6015 | D:6      | Found a sparkling altar of Nemelex Xobeh.
  6419 | D:7      | Reached skill level 8 in Fighting
  6572 | D:7      | Found a staircase to the Ecumenical Temple.
  6583 | Temple   | Entered the Ecumenical Temple
  6822 | D:7      | Reached skill level 6 in Dodging
  6938 | D:7      | HP: 15/59 [centaur/arrow (15)]
  7618 | D:7      | Reached *** piety under Okawaru
  7618 | D:7      | Reached skill level 7 in Dodging
  7703 | D:7      | Noticed a hippogriff
  7712 | D:7      | Killed a hippogriff
  7712 | D:7      | Reached skill level 9 in Fighting
  7712 | D:7      | Reached XP level 10. HP: 50/66 MP: 11/11
  7815 | D:7      | Learned a level 1 spell: Summon Butterflies
  7817 | D:7      | Learned a level 1 spell: Apportation
  7820 | D:7      | Learned a level 2 spell: Blink
  7985 | D:8      | Reached skill level 8 in Dodging
  7995 | D:8      | HP: 18/67 [yak (14)]
  8000 | D:8      | HP: 17/68 [human/hand axe (2)]
  8005 | D:8      | Reached skill level 10 in Fighting
  8620 | D:8      | Reached skill level 9 in Dodging
  8662 | D:8      | HP: 12/68 [orc priest/divine providence (12)]
  8663 | D:8      | Killed from afar by an orc priest

Vault maps used:
D:1:      erik_arrival_cave_to_civilisation, minmay_vboxes
D:2:      nrook_uturn
D:3:      marbit_many_paths, tso_altar, kennysheep_generic_room_6
D:4:      chequers_temple_overflow_statue_of_worship, uniq_edmund
D:5:      first_bread, uniq_duvessa, uniq_sigmund, uniq_eustachio
D:6:      nemelex_spade_bored_becter
D:8:      minmay_klotski, serial_shops,
          nicolae_shop_temple_entry_statues_fountains, grunt_livestock,
          minmay_diamond_spiral, uniq_joseph
Temple:   regret_index_temple_generic_petals

Skill      XL: |  1  2  3  4  5  6  7  8  9 10 |
---------------+-------------------------------+-----
Crossbows      | 3 4 5 6 8 10 | 10.0
Fighting       | 2 3 4 5 6 9 10 | 10.2
Dodging        | 3 7 9 |  9.0
Spellcasting   | |  1.1
Hexes          | |  3.0

Action                   |  1- 3 |  4- 6 |  7- 9 | 10-12 || total
-------------------------+-------+-------+-------+-------++-------
Melee: Short sword       |     3 |    94 |    87 |    32 ||   216
       Falchion          |       |       |    31 |     6 ||    37
       Dagger            |       |       |     5 |       ||     5
 Fire: Hand crossbow     |    65 |   139 |   186 |    42 ||   432
Throw: Stone             |       |       |     1 |       ||     1
  Use: Scroll            |     5 |     4 |     8 |       ||    17
       Potion            |       |     1 |       |     1 ||     2
  Eat: Chunk             |    10 |     7 |    17 |     2 ||    36
Armor: Robe              |     4 |       |       |       ||     4
       Scale mail        |     8 |    51 |       |       ||    59
       Ring mail         |       |     9 |    95 |    21 ||   125
       Skin              |       |       |       |     2 ||     2
Dodge: Dodged            |    27 |   114 |   193 |    53 ||   387
       Rpst.: Falchion   |       |       |     8 |     1 ||     9

Table legend:
 A = Turns spent in this place as a percentage of turns spent in the entire game.
 B = Non-inter-level travel turns spent in this place as a percentage of non-inter-level travel turns spent in the entire game.
 C = Inter-level travel turns spent in this place as a percentage of turns spent in this place.
 D = Turns resting spent in this place as a percentage of non-inter-level travel turns spent in this place.
 E = Turns spent auto-exploring this place as a percentage of non-inter-level travel turns spent in this place.
 F = Non-inter-level travel turns spent in this place divided by the number of levels of this place that you've seen.
                   A       B       C       D       E      F
               +-------+-------+-------+-------+-------+----------------------
         Total | 100.0 | 100.0 |   0.5 |   1.6 |   5.9 | 289.3
       Dungeon |  99.2 |  99.2 |   0.4 |   1.6 |   5.5 | 323.0
        Temple |   0.8 |   0.8 |   4.8 |   0.0 |  55.0 |  20.0
               +-------+-------+-------+-------+-------+----------------------

Vault maps used:
D:1:      erik_arrival_cave_to_civilisation, minmay_vboxes
D:2:      nrook_uturn
D:3:      marbit_many_paths, tso_altar, kennysheep_generic_room_6
D:4:      chequers_temple_overflow_statue_of_worship, uniq_edmund
D:5:      first_bread, uniq_duvessa, uniq_sigmund, uniq_eustachio
D:6:      nemelex_spade_bored_becter
D:8:      minmay_klotski, serial_shops,
          nicolae_shop_temple_entry_statues_fountains, grunt_livestock,
          minmay_diamond_spiral, uniq_joseph
Temple:   regret_index_temple_generic_petals
